 Dungeon Crawl Stone Soup version 0.16-a0-4056-gee4db93 (webtiles) character file.

305 Gronka the Covered (level 6, 0/48 HPs)
             Began as a Human Fighter on Feb 20, 2015.
             Slain by an ogre
             ... wielding a +0 giant spiked club
              (9 damage)
             ... on level 4 of the Dungeon.
             The game lasted 00:05:34 (2628 turns).

Gronka the Covered (Human Fighter)                  Turns: 2628, Time: 00:05:35

Health: 0/48       AC: 14    Str: 18    XL:     6   Next: 67%
Magic:  6/6        EV:  9    Int: 11    God:
Gold:   167        SH:  9    Dex: 13    Spells: 0 memorised, 5 levels left

rFire  . . .     SeeInvis .     d - +1 trident (protect)
rCold  . . .     Clarity  .     n - +4 ring mail
rNeg   . . .     SustAb   .     c - +0 shield
rPois  .         Gourm    .     (no helmet)
rElec  .         Spirit   .     (no cloak)
rCorr  .         Warding  .     (no gloves)
rMut   .         Stasis   .     (no boots)
MR     .....                    (no amulet)
Stlth  +.........               (no ring)
                                w - +3 ring of intelligence

@: not resistant to hostile enchantments, very unstealthy
A: no striking features
a: no special abilities


You were on level 4 of the Dungeon.
You were not hungry.

You visited 1 branch of the dungeon, and saw 4 of its levels.

You collected 167 gold pieces.

Inventory:

Hand weapons
 a - a +0 war axe
 d - a +1 trident of protection (weapon)
 m - a +3 spear
Armour
 b - a +0 scale mail
 c - a +0 shield (worn)
 n - a +4 ring mail (worn)
Jewellery
 w - a +3 ring of intelligence (left hand)
Magical devices
 j - a wand of confusion (16)
Scrolls
 h - a scroll of immolation {unknown}
 k - 2 scrolls of identify
 l - a scroll of remove curse {unknown}
 o - a scroll of fear {unknown}
 p - 2 scrolls of noise
 q - a scroll of magic mapping
 r - 2 scrolls of blinking {unknown}
Potions
 e - a potion of might
 i - a potion of brilliance {unknown}
 u - a potion of berserk rage {unknown}
Comestibles
 g - 2 royal jellies
 s - 3 meat rations
 t - a slice of pizza
 v - a beef jerky


   Skills:
 + Level 3.8 Fighting
 + Level 3.1(3.3) Axes
 + Level 1.5(2.5) Polearms
 + Level 4.1 Armour
 + Level 2.7 Dodging
 + Level 0.4 Stealth
 + Level 3.8 Shields


You had 5 spell levels left.
You didn't know any spells.

Dungeon Overview and Level Annotations

Branches:
Dungeon (4/15)
 Temple: D:4-7

Altars:


Message History

You are too injured to fight recklessly!
You are too injured to fight recklessly!
You are too injured to fight recklessly!
You are too injured to fight recklessly!
You are too injured to fight recklessly!
You are too injured to fight recklessly!
You are too injured to fight recklessly!
You are too injured to fight recklessly!
Drink which item? (? for menu, Esc to quit)
It was a potion of curing.
You feel better.
You hit the ogre.
The ogre is heavily wounded.
The ogre hits you with a giant spiked club!
* * * LOW HITPOINT WARNING * * *
Drink which item? (? for menu, Esc to quit)
You feel better. You block the ogre's attack.
Your shield prevents you from hitting the ogre.
The ogre is heavily wounded.
The ogre hits you with a giant spiked club!
You die...

##........#.## .
##.###.......# ..
#.>##..###...# ...
#.###........## ##.#
##.....†....#..##=..#
.#..###.....##.#..#
..>.###...).......##
##.................## #.
##..............@...#
#....
##.#####++####..O........
#..... #..# ##...#.##..
#...... ..## ##...... .
#...... .## ##..?#...
#...... ## #..#..
.#...... # #.. .........
..... #.....††
#<........####(


You could see an ogre.

Vanquished Creatures
  A giant frog (D:3)
  A hound (D:4)
  2 worker ants (D:4)
  2 iguanas (D:4)
  4 adders
  7 orcs
  4 giant cockroaches
  7 hobgoblins
  7 jackals (D:1)
  9 kobolds
  2 quokkas (D:3)
  3 ball pythons
  11 bats
  3 giant newts
  7 goblins
  4 rats (D:3)
74 creatures vanquished.

Notes
Turn   | Place    | Note
--------------------------------------------------------------
     0 | D:1      | Gronka, the Human Fighter, began the quest for the Orb.
     0 | D:1      | Reached XP level 1. HP: 18/18 MP: 1/1
   115 | D:1      | Reached XP level 2. HP: 21/24 MP: 2/2
   273 | D:1      | Reached XP level 3. HP: 25/29 MP: 3/3
  1383 | D:3      | Reached XP level 4. HP: 28/35 MP: 4/4
  1427 | D:3      | Noticed a giant frog
  1442 | D:3      | Killed a giant frog
  1442 | D:3      | Reached skill level 1 in Dodging
  1442 | D:3      | Reached XP level 5. HP: 5/41 MP: 5/5
  2225 | D:4      | Reached skill level 4 in Armour
  2245 | D:4      | Reached skill level 1 in Polearms
  2245 | D:4      | Reached XP level 6. HP: 26/47 MP: 6/6
  2628 | D:4      | Slain by an ogre

Action                   |  1- 3 |  4- 6 || total
-------------------------+-------+-------++-------
Melee: War axe           |    83 |       ||    83
       Spear             |    33 |   133 ||   166
       Trident           |       |    80 ||    80
  Use: Scroll            |       |     3 ||     3
       Potion            |       |     2 ||     2
  Eat: Bread ration      |     1 |     1 ||     2
